Map: Backwater LE

Players

TYTY (TY) - Winner!

  • Race: Terran Terran
  • Spawn Location: 5:00

souL

  • Race: Terran Terran
  • Spawn Location: 11:00

Event: IEM Season 12 - Katowice

VOD

Have the link to the VOD?

Description

Time

  • Played on: Feb. 26, 2018, 5:20 a.m.
  • Length: 8:11

All games in this series

Show
View Real Time Build Order
Export as new Build Order

TYTY Terran - Winner!

Build Orders: Gas First Reaper Expand, Reaper Expand, MMM Bio 

Get SALT Encoding   

  12  0:00  SCV  
  13  0:12  SCV  
  14  0:18  Supply Depot  
  14  0:24  SCV  
  15  0:28  Refinery  
  15  0:40  SCV  
  16  0:44  Barracks  
  16  0:52  SCV  
  17  1:04  SCV  
  18  1:16  SCV  
  19  1:32  Reaper  
  21  1:33  Orbital Command  
  20  1:48  Command Center  
  20  1:57  Factory  
  20  2:00  SCV  
  21  2:05  Barracks Reactor  
  21  2:11  Supply Depot  
  21  2:14  SCV  
  22  2:25  Refinery  
  22  2:26  SCV  
  23  2:41  SCV, Marine x2  
  25  2:46  Hellion  
  25  2:49  Starport  
  27  2:54  SCV  
  28  2:59  Marine x2  
  28  3:03  Orbital Command  
  30  3:07  SCV  
  30  3:10  Factory Tech Lab  
  31  3:17  Marine x2  
  31  3:19  SCV  
  34  3:29  SCV  
  34  3:30  Bunker  
  34  3:32  SCV  
  36  3:35  Raven  
  40  3:42  Supply Depot, SCV  
  40  3:44  SCV  
  40  3:46  Marine x2  
  42  3:49  Factory Tech Lab  
  42  3:54  SCV  
  43  4:04  Marine x2  
  43  4:07  SCV x2  
  47  4:13  Siege Tank  
  47  4:16  Supply Depot  
  49  4:20  SCV x2  
  51  4:27  Command Center  
  51  4:31  Stimpack  
  51  4:32  SCV  
  51  4:34  SCV  
  54  4:44  SCV  
  54  4:45  Siege Tank  
  58  4:48  Barracks  
  58  4:50  SCV  
  58  4:53  Barracks  
  58  4:55  Starport Reactor  
  58  4:56  SCV, Marine  
  60  5:00  Supply Depot  
  60  5:02  SCV  
  61  5:08  SCV  
  61  5:10  Supply Depot  
  62  5:15  Engineering Bay  
  62  5:22  SCV x2, Marine  
  62  5:28  Refinery  
  65  5:31  Medivac x2  
  65  5:34  SCV x2  
  71  5:36  Refinery  
  71  5:37  Marine x2  
  71  5:40  Orbital Command, Marine  
  74  5:44  Terran Infantry Weapons Level 1  
  74  5:46  SCV x2  
  76  5:58  SCV x2, Marine x2  
  76  6:02  Barracks, Marauder  
  76  6:03  Barracks  
  76  6:04  Marauder  
  82  6:06  SCV  
  82  6:08  Factory Reactor  
  82  6:10  SCV x2  
  85  6:15  Supply Depot  
  85  6:17  Marine x2  
  87  6:18  SCV  
  87  6:23  SCV  
  87  6:24  SCV, Marauder  
  92  6:25  Combat Shields  
  92  6:30  Supply Depot  
  92  6:31  Supply Depot, SCV  
  93  6:36  SCV, Marine x2, Marauder  
  93  6:37  Medivac  
  93  6:39  SCV  
  101  6:45  Supply Depot x2  
  101  6:48  Barracks Tech Lab  
  101  6:51  SCV, Medivac, Marauder  
  101  6:52  Supply Depot  
  101  6:53  SCV  
  101  6:54  SCV  
  108  6:56  Marine x4  
  112  7:03  Concussive Shells  
  112  7:05  SCV  
  112  7:07  Supply Depot  
  113  7:09  Missile Turret  
  113  7:10  Marine x2  
  113  7:12  Supply Depot, Marine  
  113  7:15  Marine x3  
  121  7:17  SCV  
  126  7:25  Viking x2  
  125  7:32  Marine  
  125  7:33  Marine x2, Marauder x2  
  130  7:37  Marine  
  130  7:38  Supply Depot  
  130  7:43  Command Center  
  131  7:46  SCV x2  
  131  7:47  SCV, Factory Reactor  
  129  7:58  Starport  
  129  7:59  SCV x2  
Show
View Real Time Build Order
Export as new Build Order

souL Terran 

Build Orders: Cyclone Opening, Gas First Reaper Expand, Reaper Expand, Mech 

Get SALT Encoding   

  12  0:00  SCV  
  13  0:12  SCV  
  14  0:16  Supply Depot  
  14  0:24  SCV  
  15  0:29  Refinery  
  15  0:38  SCV  
  16  0:45  Barracks  
  16  0:50  SCV  
  17  1:02  SCV  
  18  1:16  SCV  
  19  1:33  Reaper  
  19  1:34  Orbital Command  
  20  1:43  Command Center  
  20  1:52  Factory  
  20  1:59  SCV  
  21  2:05  Supply Depot  
  21  2:07  Barracks Reactor  
  21  2:12  Refinery  
  21  2:15  SCV  
  22  2:27  SCV  
  23  2:39  SCV  
  24  2:46  Marine x2  
  26  2:51  SCV  
  26  2:57  Cyclone  
  30  3:03  SCV  
  31  3:14  Command Center  
  31  3:23  SCV  
  31  3:24  Orbital Command  
  32  3:35  SCV  
  32  3:36  Cyclone x2  
  39  3:46  Refinery  
  39  3:47  SCV  
  39  3:48  Refinery  
  40  3:50  SCV  
  41  3:59  SCV  
  41  4:02  Supply Depot, SCV  
  43  4:11  SCV  
  43  4:14  SCV  
  44  4:19  Armory  
  44  4:21  Armory  
  44  4:24  SCV  
  45  4:26  Cyclone, SCV  
  45  4:30  Orbital Command  
  49  4:36  SCV  
  50  4:38  SCV  
  50  4:42  Cyclone  
  54  4:48  SCV  
  54  4:51  Supply Depot  
  55  4:52  Factory  
  55  4:53  Barracks Tech Lab  
  55  4:55  SCV  
  55  4:57  SCV  
  57  5:00  SCV  
  57  5:05  Cyclone  
  61  5:08  Terran Vehicle Weapons Level 1  
  61  5:12  Terran Vehicle And Ship Armor Level 1  
  61  5:13  SCV  
  62  5:15  SCV  
  63  5:25  SCV  
  67  5:29  SCV  
  67  5:32  Supply Depot  
  67  5:33  Engineering Bay  
  68  5:37  SCV  
  68  5:39  Starport  
  68  5:42  Hellion x2, Orbital Command  
  70  5:44  Infernal Pre-Igniter, Siege Tank  
  70  5:46  Barracks Reactor  
  70  5:49  SCV  
  74  5:53  Refinery  
  74  5:54  Supply Depot  
  75  5:57  SCV, Refinery  
  75  6:00  Supply Depot  
  75  6:01  SCV  
  75  6:04  Hellion x2  
  80  6:07  SCV  
  80  6:09  SCV  
  82  6:13  SCV  
  83  6:19  SCV  
  83  6:21  SCV  
  83  6:23  Factory x2  
  85  6:26  SCV  
  85  6:28  Medivac x2  
  85  6:32  SCV  
  91  6:35  SCV, Factory  
  91  6:39  SCV  
  93  6:40  Supply Depot x2  
  93  6:45  Supply Depot, Siege Tank  
  96  6:49  SCV x2  
  96  6:51  SCV  
  99  6:55  Supply Depot  
  99  6:57  Missile Turret  
  99  7:00  Missile Turret  
  99  7:01  Sensor Tower, SCV  
  99  7:02  SCV  
  99  7:05  Sensor Tower  
  101  7:09  Hellion  
  101  7:11  Factory Tech Lab  
  101  7:13  Factory Reactor  
  103  7:17  SCV  
  103  7:19  Siege Tank  
  107  7:26  Hellion x2  
  111  7:31  Hellion  
  111  7:33  SCV  
  111  7:34  Missile Turret x3  
  111  7:35  SCV  
  111  7:36  SCV  
  116  7:45  SCV  
  116  7:48  SCV  
  116  7:50  Factory Tech Lab  
  121  7:52  SCV  
  121  7:57  SCV  

Tags
 
Add a new tag
Caveats
  • Supply blocks, unpowered buildings, or Contaminate may cause inaccurate times.
  • Supply counts are checked every 10 seconds.